AoeStats
← FarWhistle86911

Arabia

509415771Analyzed
2v2 RM · 6d ago on Sep 26, 2026· 70m 59s· 4 players
Game mode
Random Map
Map size
Medium (4 player)
Population
200
Speed
Normal
Resources
Standard
Victory
Conquest
Starting age
Dark Age
Ending age
Imperial Age
RankedLock teamsTeams togetherTeam positionsShared explorationLock speedFull tech treeHidden civsTurbo modeCheats
Victory
Defeat
🇺🇸 Huns · United States
667
+13
🇺🇸 Goths · United States
565
+18
🇹🇷 Danes · Türkiye
609
-16
🇹🇷 Cumans · Türkiye
604
-15
็
0:35 Loom
10:55 Feudal Age
11:30 Double-Bit Axe
14:04 Horse Collar
16:58 Gold Mining
16:59 Stone Mining
19:00 Wheelbarrow
26:17 Castle Age
26:15 Town Watch
27:15 Forging
27:08 Scale Mail Armor
28:17 Gold Shaft Mining
27:52 Bow Saw
28:18 Stone Shaft Mining
27:47 Heavy Plow
29:39 Iron Casting
29:21 Chain Mail Armor
30:18 Hand Cart
30:04 Town Patrol
30:58 Hamask
35:35 Caravan
37:04 Masonry
41:35 Imperial Age
43:41 Elite Jomsviking
44:43 Conscription
45:05 Hoardings
46:34 Onager
47:38 Northmen's Fury
51:02 Siege Onager
Par4normaL
12:39 Feudal Age
14:29 Double-Bit Axe
23:18 Gold Mining
26:54 Castle Age
28:04 Stone Mining
28:49 Gold Shaft Mining
28:30 Bow Saw
28:36 Scale Barding Armor
28:42 Forging
30:38 Town Watch
31:21 Chain Barding Armor
31:36 Iron Casting
40:27 Imperial Age
40:19 Horse Collar
40:44 Town Patrol
41:19 Wheelbarrow
40:30 Loom
40:53 Elite Steppe Lancer
42:12 Plate Barding Armor
42:38 Blast Furnace
41:39 Scale Mail Armor
41:40 Padded Archer Armor
41:30 Fletching
43:32 Cuman Mercenaries
42:54 Elite Kipchak
43:49 Steppe Husbandry
44:28 Conscription
51:20 Chemistry
50:40 Ballistics
50:40 Chain Mail Armor
50:21 Bodkin Arrow
50:41 Leather Archer Armor
50:44 Bloodlines
49:54 Light Cavalry
FarWhistle86911
12:25 Feudal Age
12:52 Double-Bit Axe
13:50 Wheelbarrow
24:05 Castle Age
25:29 Hand Cart
25:07 Horse Collar
25:42 Bow Saw
28:58 Husbandry
30:18 Bloodlines
30:31 Scale Barding Armor
32:57 Chain Barding Armor
33:28 Thumb Ring
36:31 Imperial Age
35:55 Heavy Plow
36:34 Town Watch
36:47 Gold Mining
36:48 Stone Mining
36:32 Cavalier
38:18 Two-Man Saw
38:03 Gold Shaft Mining
38:24 Plate Barding Armor
39:26 Town Patrol
39:16 Loom
41:29 Paladin
46:22 Parthian Tactics
46:15 Heavy Cavalry Archer
47:53 Conscription
57:50 Elite Skirmisher
unknown_ab
0:30 Loom
10:24 Feudal Age
20:09 Castle Age
17:54 Man-at-Arms
18:28 Fletching
18:49 Forging
19:12 Double-Bit Axe
19:52 Gold Mining
19:58 Horse Collar
27:04 Bodkin Arrow
27:59 Squires
30:01 Anarchy
31:05 Wheelbarrow
30:18 Town Watch
30:28 Stone Mining
30:52 Bow Saw
32:38 Iron Casting
32:05 Scale Mail Armor
32:12 Long Swordsman
32:15 Pikeman
37:08 Imperial Age
35:30 Heavy Plow
36:49 Hand Cart
37:41 Ballistics
37:17 Murder Holes
37:36 Two-Handed Swordsman
39:01 Caravan
38:41 Capped Ram
40:54 Town Patrol
41:31 Crop Rotation
40:47 Treadmill Crane
41:16 Champion
44:32 Blast Furnace
43:49 Chain Mail Armor
44:24 Bracer
45:17 Conscription
46:06 Elite Huskarl
46:49 Perfusion
47:14 Halberdier
63:54 Two-Man Saw
Connection lost

Rejoining the realm…

Still unreachable

The connection could not be restored.

Session expired

The server has moved on; the page needs a fresh start.